 Dungeon Crawl Stone Soup version 0.29.0-4-gdea44cf6ec (webtiles) character file.

Game seed: 10247626465591771737

6543 Persephone the Skirmisher (level 10, -1/57 HPs)
             Began as a Deep Elf Hunter on Aug 27, 2022.
             Was a Believer of Hepliaklqana.
             Slain by a two-headed ogre
             ... wielding a +0 giant club
              (27 damage)
             ... on level 8 of the Dungeon.
             The game lasted 00:17:02 (10272 turns).

Persephone the Skirmisher (Deep Elf Hunter)        Turns: 10272, Time: 00:17:03

Health: -1/57      AC:  7    Str:  8    XL:     10   Next: 70%
Magic:  10/12      EV: 20    Int: 15    God:    Hepliaklqana [**....]
Gold:   586        SH:  0    Dex: 22    Spells: 9/9 levels left

rFire   + . .      SeeInvis .   f - +4 longbow (freeze)
rCold   + . .      Faith    .   (shield currently unavailable)
rNeg    + . .      Spirit   .   B - +0 troll leather armour
rPois   .          Reflect  .   (no helmet)
rElec   .          Harm     .   i - +1 cloak
rCorr   .          Rampage  .   (no gloves)
Will    +....      Clarity  +   m - +0 pair of boots
Stlth   ++........              D - amulet of regeneration
HPRegen 1.79/turn               q - ring of positive energy
MPRegen 0.13/turn               e - ring of protection from cold

@: no status effects
A: reduced essence, clarity, fire resistance 1, passive freeze, screaming 1
a: Renounce Religion, Recall Ancestor, Ancestor Identity


You were on level 8 of the Dungeon.
You worshipped Hepliaklqana.
Hepliaklqana was pleased with you.
You visited 2 branches of the dungeon, and saw 10 of its levels.

You collected 586 gold pieces.

Inventory:

Hand Weapons
 f - a +4 longbow of freezing (weapon)
Armour
 c - +0 steam dragon scales
 i - a +1 cloak (worn)
 m - a +0 pair of boots (worn)
 z - +0 swamp dragon scales
 B - a +0 troll leather armour (worn)
Jewellery
 e - a ring of protection from cold (right hand)
 q - a ring of positive energy (left hand)
 D - an amulet of regeneration (around neck)
Wands
 a - a wand of flame (35)
 s - a wand of quicksilver (10)
 y - a wand of digging (3)
 C - a wand of iceblast (5)
Scrolls
 b - a scroll of immolation
 d - 2 scrolls of magic mapping
 h - a scroll of silence
 r - 2 scrolls of teleportation
 x - a scroll of fog
 E - a scroll of brand weapon {unknown}
Potions
 g - a potion of attraction
 j - 2 potions of mutation
 k - 2 potions of berserk rage
 l - a potion of ambrosia
 o - a potion of magic
 p - a potion of might {unknown}
 t - 2 potions of lignification
 u - 3 potions of heal wounds
 v - a potion of brilliance {unknown}
 w - 2 potions of haste {unknown}
 A - a potion of invisibility


   Skills:
 + Level 8.2 Fighting
 + Level 13.2 Ranged Weapons
 + Level 11.5 Dodging
 - Level 1.2 Stealth


You had 9 spell levels left.
You didn't know any spells.
Your spell library contained the following spells:

 Spells                   Type           Power      Damage    Failure   Level
 Ensorcelled Hibernation  Hex/Ice        0%         N/A       52%         2
 Passwall                 Tmut/Erth      0%         N/A       52%         2
 Conjure Flame            Conj/Fire      0%         6-21      75%         3
 Ignite Poison            Fire/Tmut/Pois 0%         N/A       75%         3
 Portal Projectile        Hex/Tloc       0%         N/A       75%         3
 Swiftness                Air            0%         N/A       75%         3
 Tukima's Dance           Hex            0%         N/A       75%         3
 Sticky Flame             Conj/Fire      0%         2d3       98%         4
 Blade Hands              Tmut           0%         N/A       100%        5


Dungeon Overview and Level Annotations

Branches:
Dungeon (9/15)             Temple (1/1) D:6            Lair (0/5) D:8
    Orc: D:9-12

Altars:
Ashenzari
Cheibriados
Dithmenos
Elyvilon
Fedhas
Gozag
Hepliaklqana
Kikubaaqudgha
Makhleb
Nemelex Xobeh
Okawaru
Qazlal
Ru
Sif Muna
Trog
Uskayaw
Vehumet
Wu Jian
Xom
Yredelemnul
Zin
The Shining One

Shops:
D:1 (   D:4 *   D:6 [

Annotations:
D:3 1 runed translucent door, Rudyous's ghost, amateur GrBe
D:4 Dowan; Duvessa


Innate Abilities, Weirdness & Mutations

Your life essence is reduced to manifest your ancestor. (-10% HP)
You possess an exceptional clarity of mind.
Your flesh is heat resistant. (rF+)
A frigid envelope surrounds you and freezes all who hurt you.
You occasionally shout uncontrollably at your foes.


Message History

Done exploring.
(D) Dungeon (T) Temple (L) Lair
Where to? (Enter - D:8, ? - help)
What level of the Dungeon? (default 1, ? - help)
You swap places.
There is a stone staircase leading down here.
You climb downwards.
There is a stone staircase leading up here.
Found a leather armour.
Found a sling.
An orc warrior and an orc priest come into view.
You yell at the orc warrior!
Found 7 gold pieces.
The orc priest shouts!
The orc warrior shouts!
You hear two shouts!
You hear a shout!
An orc comes into view. It is wielding a +0 flail.
There are monsters nearby!
There are monsters nearby!
You shoot an arrow. The arrow hits the orc priest!
The arrow freezes the orc priest.
The orc priest is severely wounded.
You swap places.
A two-headed ogre comes into view.
It is wielding a +0 giant club and a +0 giant spiked club.
You yell at the two-headed ogre!
The two-headed ogre shouts in stereo!
Ealamassi hits the orc priest with a +0 flail!
The orc priest dies!
There is a stone staircase leading up here.
The two-headed ogre completely misses you.
The two-headed ogre hits you with a +0 giant spiked club!
The two-headed ogre is very cold.
The two-headed ogre is lightly wounded.
The orc warrior hits Ealamassi with a +0 glaive!
You climb upwards.
There is a stone staircase leading down here.
Ealamassi is recalled.
The two-headed ogre hits you with a +0 giant club!!
The two-headed ogre is very cold.
The two-headed ogre is moderately wounded.
The two-headed ogre hits you with a +0 giant spiked club!!
You die...

.........##
#........## #
.......#.#
####.........# #
.....###.##
#####...........##
>.#####...##
#.#...###......##
####....#..###....##
#....###
##...######.....###
##.### ...###
##.R#..# ### .###
##.#..## ###### ##
#.#.@R# ##..... #
#.##O># ##...... #
##.#.## #.......
#.### #....... #..#
#......# ##.#
#...R... #.##
#####... ##.#
##..... ##.####
###....##


You could see the friendly Ealamassi the knight and a two-headed ogre.

Vanquished Creatures
  Pikel (D:5)
  A troll (D:8)
  Grinder (D:5)
  Prince Ribbit (D:5)
  Sigmund (D:6)
  3 hogs (D:8)
  A steam dragon (D:7)
  A human (D:8)
  Edmund (D:6)
  2 water moccasins
  An orc warrior (D:5)
  5 ice beasts
  A sky beast (D:7)
  An ogre (D:5)
  A black bear (D:4)
  2 wolves (D:8)
  A phantom (D:4)
  A kobold brigand (D:7)
  4 bullfrogs
  A gnoll sergeant (D:5)
  2 scorpions
  7 wights
  A jelly (D:6)
  9 killer bees
  2 electric eels (D:8)
  A howler monkey (D:6)
  9 hounds
  Jessica (D:2)
  5 iguanas
  5 orc wizards
  Natasha (thrice) (D:3)
  Robin (D:3)
  10 gnolls
  9 adders
  An ufetubus (D:4)
  2 worms (D:3)
  5 dart slugs
  23 orcs
  5 endoplasms
  A giant cockroach (D:3)
  18 goblins
  8 hobgoblins
  11 jackals
  5 quokkas
  12 ball pythons
  2 bats
  11 kobolds
  6 rats (D:1)
206 creatures vanquished.

Vanquished Creatures (collateral kills)
  Maggie (D:7)
  A hog (D:8)
  A wolf (D:8)
  A wight (D:6)
  6 killer bees
  A howler monkey (D:7)
  An electric eel (D:8)
  An orc priest (D:9)
13 creatures vanquished.

Vanquished Creatures (others)
  A knight (D:8)
  2 ancestors
3 creatures vanquished.

Grand Total: 222 creatures vanquished

Notes
Turn   | Place    | Note
-------+----------+-------------------------------------------
     0 | D:1      | Persephone the Deep Elf Hunter began the quest for the Orb.
     0 | D:1      | Reached XP level 1. HP: 12/12 MP: 3/3
   196 | D:1      | Found Jeatid's Weapon Emporium.
   305 | D:1      | Reached XP level 2. HP: 7/17 MP: 4/4
   643 | D:1      | Found a faded altar of an unknown god.
  1139 | D:2      | Reached XP level 3. HP: 21/21 MP: 5/5
  1149 | D:2      | Noticed Jessica
  1153 | D:2      | Killed Jessica
  1154 | D:2      | Reached skill level 6 in Ranged Weapons
  1319 | D:2      | Identified the +4 short sword "Sorunus" {flame, Fragile
                  | rPois Str+7 Dex+4}
  1415 | D:2      | Reached XP level 4. HP: 27/27 MP: 6/6
  1796 | D:3      | Noticed Rudyous's ghost (amateur GrBe)
  1796 | D:3      | Found a runed translucent door.
  2124 | D:3      | Reached XP level 5. HP: 31/31 MP: 7/7
  2133 | D:3      | Noticed Natasha
  2136 | D:3      | Killed Natasha
  2257 | D:3      | Noticed Natasha
  2265 | D:3      | Noticed Robin
  2266 | D:3      | Killed Natasha
  2285 | D:3      | Killed Robin
  2834 | D:3      | Reached skill level 7 in Ranged Weapons
  3031 | D:3      | Noticed Natasha
  3036 | D:3      | Killed Natasha
  3037 | D:3      | Reached XP level 6. HP: 32/37 MP: 8/8
  3342 | D:4      | Gained mutation: You occasionally shout uncontrollably at
                  | your foes. [potion of mutation]
  3342 | D:4      | Gained mutation: Your flesh is heat resistant. (rF+)
                  | [potion of mutation]
  3342 | D:4      | Gained mutation: A frigid envelope surrounds you and
                  | freezes all who hurt you. [potion of mutation]
  3342 | D:4      | Gained mutation: You possess an exceptional clarity of
                  | mind. [potion of mutation]
  3403 | D:4      | Reached skill level 5 in Dodging
  3572 | D:4      | Noticed an ice beast
  3584 | D:4      | Killed an ice beast
  3885 | D:4      | Found a white marble altar of Elyvilon.
  4032 | D:4      | Noticed a water moccasin
  4040 | D:4      | Killed a water moccasin
  4041 | D:4      | Reached XP level 7. HP: 12/42 MP: 9/9
  4112 | D:4      | Noticed Duvessa
  4113 | D:4      | Noticed Dowan
  4145 | D:5      | Entered Level 5 of the Dungeon
  4294 | D:5      | Noticed Pikel
  4307 | D:5      | Killed Pikel
  4308 | D:5      | Reached skill level 8 in Ranged Weapons
  4308 | D:5      | Reached XP level 8. HP: 36/48 MP: 10/10
  4393 | D:5      | Noticed Prince Ribbit
  4398 | D:5      | Killed Prince Ribbit
  4399 | D:5      | Reached skill level 9 in Ranged Weapons
  4404 | D:5      | HP: 1/48 [gnoll sergeant/+0 trident (8)]
  4621 | D:4      | Reached skill level 5 in Fighting
  4772 | D:4      | Found Zagh's General Store.
  5500 | D:5      | Reached skill level 10 in Ranged Weapons
  5598 | D:5      | Noticed Grinder
  5621 | D:5      | Paralysed by Grinder for 2 turns
  5624 | D:5      | Killed Grinder
  5625 | D:5      | Reached XP level 9. HP: 44/55 MP: 11/11
  6425 | D:5      | Identified the +3 spear of Invincibility {vamp, rC- Str+10
                  | Dex-5 Stlth+}
  6668 | D:6      | Found Yhaugh's Antique Armour Boutique.
  6788 | D:6      | Found a staircase to the Ecumenical Temple.
  6798 | Temple   | Entered the Ecumenical Temple
  6971 | Temple   | Became a worshipper of Hepliaklqana the Forgotten
  7434 | D:6      | Noticed Edmund
  7442 | D:6      | Killed Edmund
  7443 | D:6      | Reached skill level 11 in Ranged Weapons
  7523 | D:6      | Reached * piety under Hepliaklqana
  7957 | D:6      | Noticed Sigmund
  7961 | D:6      | Killed Sigmund
  8200 | D:7      | Identified a scroll of acquirement
  8200 | D:7      | Acquired a +4 longbow of freezing
  8398 | D:7      | Reached skill level 10 in Dodging
  8427 | D:7      | Reached ** piety under Hepliaklqana
  8440 | D:7      | Remembered your ancestor Ealamassi as a knight
  8501 | D:7      | Reached skill level 12 in Ranged Weapons
  8559 | D:7      | Reached XP level 10. HP: 56/56 MP: 12/12
  8597 | D:7      | Noticed Maggie
  8606 | D:7      | Killed Maggie
  9492 | D:8      | Found a staircase to the Lair.
  9955 | D:8      | Reached skill level 13 in Ranged Weapons
 10266 | D:9      | Noticed a two-headed ogre
 10272 | D:8      | Slain by a two-headed ogre

Illustrated notes

Levels and vault maps discovered:
D:1:      shiori_arrival_oz, layout_basic, serial_shops,
          nicolae_shop_bloodbath_and_beyond, chequers_ecumenical_altar_island,
          minmay_misc_feat_enclosed, due_unseen_surprise
D:2:      layout_basic, uniq_jessica
D:3:      layout_loops_cross, ebering_ghost_sewer_d, uniq_natasha, uniq_robin
D:4:      cheibrodos_barr_body, layout_basic, nicolae_overflow_crystal_walls,
          serial_shops, shop, grunt_decor_junction, minmay_misc_feat_x,
          uniq_duvessa
D:5:      layout_basic, chequers_serial_rivers_small_b, uniq_pikel,
          uniq_prince_ribbit1, uniq_grinder
D:6:      layout_gridville, minmay_temple_entry_antechambers, serial_shops,
          nicolae_take_the_stairs, uniq_sigmund, uniq_edmund
D:7:      layout_loops_cross, uniq_maggie
D:8:      layout_cave_pods, erik_lair_island, grunt_livestock
D:9:      layout_small_grid, serial_glass, glass_columns_a, glass_columns_a,
          glass_columns_b, glass_columns_b, glass_columns_a, glass_columns_a,
          glass_columns_a, glass_columns_a, item_on_display_a,
          due_unseen_surprise, feat_on_display, nrook_loot_triangle, uniq_grum,
          uniq_harold
Temple:   mainiacjoe_temple_starburst

Skill      XL: |  1  2  3  4  5  6  7  8  9 10 |
---------------+-------------------------------+-----
Fighting       | 2 3 4 5 7 8 |  8.2
Dodging        | 3 4 5 6 8 10 11 | 11.5
Ranged Weapons | 6 7 8 10 12 13 | 13.2
Stealth        | |  1.2

Action                   |  1- 3 |  4- 6 |  7- 9 | 10-12 || total
-------------------------+-------+-------+-------+-------++-------
 Fire: Shortbow          |    68 |   186 |   321 |       ||   575
       Longbow           |       |       |    28 |    95 ||   123
Invok: Ancestor Life: Kn |       |       |     1 |       ||     1
       Recall Ancestor   |       |       |       |     1 ||     1
       Ancestor Identity |       |       |       |     1 ||     1
  Use: Potion            |     2 |     4 |     3 |       ||     9
       Scroll            |       |     7 |     9 |     1 ||    17
Armor: Leather armour    |     5 |    34 |    20 |       ||    59
       Swamp dragon scal |       |       |       |    11 ||    11
       Troll leather arm |       |       |       |     3 ||     3
Dodge: Dodged            |    22 |    97 |   109 |    64 ||   292
